 Dungeon Crawl Stone Soup version 0.29-a0-1033-gb6c65ffae6 (webtiles) character file.

Game seed: 11732068570253720943

12 spaghetti the Ruffian (level 2, 0/28 HPs)
             Began as a Naga Berserker on Aug 15, 2022.
             Was a Follower of Trog.
             Slain by a giant cockroach (2 damage)
             ... on level 1 of the Dungeon.
             The game lasted 00:00:19 (51 turns).

spaghetti the Ruffian (Naga Berserker)                Turns: 51, Time: 00:00:19

Health: 0/28       AC:  1    Str: 19    XL:     2   Next: 33%
Magic:  2/2        EV:  9    Int:  7    God:    Trog [*.....]
Gold:   0          SH:  0    Dex: 10    Spells: 1/1 levels left

rFire   . . .      SeeInvis +     - Unarmed
rCold   . . .      Faith    .   (no shield)
rNeg    . . .      Spirit   .   a - +0 animal skin
rPois   +          Reflect  .   (no helmet)
rElec   .          Harm     .   (no cloak)
rCorr   .          Rampage  .   (no gloves)
Will    .....                   (no barding)
Stlth   +.........              (no amulet)
HPRegen 0.09/turn               (no ring)
MPRegen 0.08/turn               (no ring)

@: on berserk cooldown, slowed, very slow
A: AC +0, large, see invisible, deformed body, poison resistance, slowness 2,
spit poison 1, naga tail 1
a: Spit Poison, Renounce Religion, Berserk


You were on level 1 of the Dungeon.
You worshipped Trog.
Trog was aware of your devotion.
You visited 1 branch of the dungeon, and saw 1 of its levels.


Innate Abilities, Weirdness & Mutations

Your serpentine skin is tough. (AC +0)
You have supernaturally acute eyesight. (SInv)
Armour fits poorly on your strangely shaped body.
Your system is resistant to poisons. (rPois)
You cover ground very slowly.
You can spit poison.
You have a snake-like lower body.


   Skills:
 - Level 3.0 Fighting
 - Level 1.5 Armour
 - Level 1.5 Dodging
 + Level 3.7 Unarmed Combat


You had one spell level left.
You didn't know any spells.
Your spell library was empty.

Inventory:

Armour
 a - a +0 animal skin (worn)

Dungeon Overview and Level Annotations

Branches:
Dungeon (1/15) Zot: 5936

Altars:

.##$.# #.#..#.## .....
.......... ##...##
#......... .##.....##
#.........
.........###.........
#$...............#..
#...................
##......###††...♣♣♣♣♣
#......B@###)..♣♣...♣♣
#$.......###..♣♣.....♣♣
......>........♣.......♣
###.......###..♣.......♣
.................♣.♣..♣
######...#........⌠...♣
##....#.....♣.♣..♣
####....♣......♣♣
#.....♣......#♣


You could see a giant cockroach.


Message History

😨 HP[-5]
You take 5 damage, and now have 8/21 hp.
MASSIVE DAMAGE!! (PAUSE)
A red film seems to cover your vision as you go berserk!
You feel yourself moving faster!
You feel mighty! The ball python bites you.
* * * LOW HITPOINT WARNING * * *
The rat bites you.
* * * LOW HITPOINT WARNING * * *
A rat comes into view.
The dart slug barely misses you. The ball python bites you.
* * * LOW HITPOINT WARNING * * *
You now have 31 max hp (+10).
You punch the dart slug! The rat bites you.
* * * LOW HITPOINT WARNING * * *
😱 HP[-1]
You take 1 damage, and now have 7/31 hp.
You punch the dart slug!
You feel the power of Trog in you as your rage grows.
You kill the dart slug!
Trog accepts your kill. The ball python barely misses you.
An endoplasm comes into view.
The rat bites you but does no damage.
You punch the ball python!
You kill the ball python!
Trog accepts your kill.
You have reached level 2! 😱 HP[+3] MP[+1]
You now have 42 max hp (+11).
You regained 3 hp, and now have 10/42 hp.
Your mp is fully restored (2).
You punch the rat!
You kill the rat!
Trog accepts your kill. The rat bites you but does no damage.
You punch the rat!
You kill the rat!
Trog accepts your kill.
A quokka comes into view.
You see here a rat corpse.
You feel a strong urge to attack something.
The endoplasm barely misses you.
You punch the quokka!
You kill the quokka!
Trog accepts your kill.
You completely miss the endoplasm. The endoplasm freezes you.
You are frozen.
* * * LOW HITPOINT WARNING * * *
😱 HP[-4]
You take 4 damage, and now have 6/42 hp.
You punch the endoplasm!
You kill the endoplasm!
Trog accepts your kill.
You start resting.
You feel a strong urge to attack something. 😱 HP[+1]
You start resting.
You are no longer berserk.
You are exhausted.
You feel yourself slow down.
A frilled lizard comes into view. 😱 HP[-3]
You now have 28 max hp (-14).
Unknown command.
A frilled lizard is nearby!
A frilled lizard is nearby!
A frilled lizard is nearby! 😱 HP[+1]
The frilled lizard hisses angrily.
Aiming: Spit Poison (2% risk of failure)
Press: ? - help, Shift-Dir - straight line, f - frilled lizard
Aim: a frilled lizard (37% to hit)
The splash of poison hits the frilled lizard!
The frilled lizard is poisoned.
You kill the frilled lizard!
Trog accepts your kill.
A giant cockroach comes into view.
The giant cockroach moves out of view.
You have got your breath back.
A giant cockroach is nearby! 😱 HP[+1]
A giant cockroach is nearby!
A giant cockroach is nearby!
A giant cockroach is nearby!
The giant cockroach bites you.
* * * LOW HITPOINT WARNING * * *
😱 HP[-2]
You take 2 damage, and now have 4/28 hp.
The giant cockroach bites you.
* * * LOW HITPOINT WARNING * * *
The giant cockroach misses you. 😱 HP[-2]
You take 2 damage, and now have 2/28 hp.
Aiming: Spit Poison (2% risk of failure)
Press: ? - help, Shift-Dir - straight line, f - giant cockroach
Aim: a giant cockroach (59% to hit)
You fail to use your ability.
The giant cockroach bites you.
You die...

Action                   || total
-------------------------++-------
Melee: Unarmed           ||    17
Invok: Berserk           ||     1
 Abil: Spit Poison       ||     1
Armor: Animal skin       ||     5
Dodge: Dodged            ||    12

Levels and vault maps discovered:
D:1:      amcnicky_arrival_underground_garden, layout_rooms,
          minmay_misc_feat_encased

Notes
Turn   | Place    | Note
-------+----------+-------------------------------------------
     0 | D:1      | spaghetti the Naga Berserker began the quest for the Orb.
     0 | D:1      | Reached XP level 1. HP: 21/21 MP: 1/1
     0 | D:1      | magus.rc [v1.9.6]
    27 | D:1      | HP: 7/31 [rat (1)]
    30 | D:1      | Reached XP level 2. HP: 10/28 MP: 2/2
    35 | D:1      | HP: 6/42 [frozen (4)]
    49 | D:1      | HP: 4/28 [giant cockroach (2)]
    51 | D:1      | Slain by a giant cockroach

Vanquished Creatures
  A dart slug (D:1)
  A ball python (D:1)
  2 endoplasms (D:1)
  A goblin (D:1)
  A quokka (D:1)
  A frilled lizard (D:1)
  A kobold (D:1)
  2 rats (D:1)
10 creatures vanquished.

Table legend:
 A = Non-vault XP
 B = Vault XP
 C = Vault XP percentage of total XP
 D = Non-vault monster count
 E = Vault monster count
 F = Vault count percentage of total count
                 A         B        C        D         E       F
            +---------+---------+-------+---------+---------+-------
      Total |      18 |       0 |   0.0 |      10 |       0 |   0.0
            +---------+---------+-------+---------+---------+-------
        D:1 |      18 |       0 |   0.0 |      10 |       0 |   0.0
            +---------+---------+-------+---------+---------+-------

Illustrated notes

Table legend:
 A = Kills in this place as a percentage of kills in entire the game.
 B = Kills by you in this place as a percentage of kills by you in the entire game.
 C = Kills by friends in this place as a percentage of kills by friends in the entire game.
 D = Other kills in this place as a percentage of other kills in the entire game.
 E = Experience gained in this place as a percentage of experience gained in the entire game.
 F = Experience gained in this place divided by the number of levels of this place that you have seen.
                   A       B       C       D       E      F
               +-------+-------+-------+-------+-------+----------------------
         Total | 100.0 | 100.0 |   N/A |   N/A | 100.0 |  18.0
       Dungeon | 100.0 | 100.0 |   N/A |   N/A | 100.0 |  18.0
               +-------+-------+-------+-------+-------+----------------------

Table legend: (Time is in decaauts)
 A = Elapsed time spent in this place.
 B = Non-inter-level travel time spent in this place.
 C = Inter-level travel time spent in this place.
 D = Time resting spent in this place.
 E = Time spent auto-exploring this place.
 F = Levels seen in this place.
 G = Mean time per level.
                   A        B        C        D        E       F      G
               +--------+--------+--------+--------+--------+-----+--------+
         Total |     62 |     62 |      0 |      0 |     22 |   1 |   62.0 |
       Dungeon |     62 |     62 |      0 |      0 |     22 |   1 |   62.0 |
               +--------+--------+--------+--------+--------+-----+--------+

Top non-repeatable levels by time:
     D:1: 62 daAuts
